Map: Cactus Valley LE (Void)

Players

OMoS

  • Race: Protoss Protoss

Puppytherapy - Winner!

  • Race: Protoss Protoss

VOD

Have the link to the VOD?

Description

Time

  • Played on: May 5, 2015, 1:39 p.m.
  • Length: 4:35
Show
View Real Time Build Order
Export as new Build Order

OMoS Protoss 

Build Orders: 2 Gate Expand, Blink Stalkers 

Get SALT Encoding   

  12  0:01  Probe  
  13  0:13  Pylon  
  13  0:17  Probe  
  14  0:31  Probe  
  15  0:38  Gateway  
  15  0:43  Probe (Chrono Boost)  
  16  0:53  Probe (Chrono Boost)  
  17  1:00  Probe  
  18  1:07  Assimilator  
  18  1:08  Pylon  
  18  1:12  Probe (Chrono Boost)  
  19  1:22  Probe (Chrono Boost)  
  20  1:26  Cybernetics Core  
  20  1:28  Gateway  
  20  1:33  Probe (Chrono Boost)  
  21  1:45  Probe (Chrono Boost)  
  22  1:52  Probe (Chrono Boost)  
  23  2:04  Nexus  
  23  2:09  Stalker  
  25  2:16  Stalker  
  27  2:24  Assimilator  
  27  2:28  Pylon  
  27  2:34  Warp Gate (Chrono Boost)  
  27  2:35  Probe  
  28  2:50  Probe  
  29  2:56  Pylon  
  29  3:02  Probe  
  30  3:06  Twilight Council  
  30  3:11  Stalker  
  32  3:29  Adept  
  32  3:41  Adept  
  32  3:46  Probe (Chrono Boost)  
  34  3:49  Probe (Chrono Boost)  
  32  3:57  Probe (Chrono Boost)  
  32  4:01  Probe (Chrono Boost)  
  33  4:04  Probe (Chrono Boost)  
Show
View Real Time Build Order
Export as new Build Order

Puppytherapy Protoss - Winner!

Build Orders: Adept Opening 

Get SALT Encoding   

  12  0:01  Probe  
  13  0:14  Pylon  
  13  0:17  Probe  
  14  0:32  Gateway  
  14  0:34  Probe (Chrono Boost)  
  15  0:46  Probe (Chrono Boost)  
  15  0:49  Assimilator  
  16  0:52  Probe (Chrono Boost)  
  17  1:03  Gateway  
  17  1:06  Probe (Chrono Boost)  
  18  1:17  Probe (Chrono Boost)  
  19  1:21  Cybernetics Core  
  19  1:23  Probe  
  20  1:29  Pylon  
  20  1:35  Zealot (Chrono Boost)  
  26  2:04  Adept (Chrono Boost)  
  26  2:06  Adept (Chrono Boost)  
  26  2:08  Probe  
  26  2:09  Warp Gate (Chrono Boost)  
  27  2:17  Assimilator  
  27  2:20  Probe, Pylon  
  28  2:24  Adept (Chrono Boost)  
  30  2:38  Adept  
  30  2:43  Gateway  
  32  2:44  Gateway  
  32  3:02  Pylon  
  30  3:41  Probe  
  31  3:57  Pylon  
  31  4:09  Stalker x3  
  35  4:16  Pylon  
  31  4:32  Robotics Facility  
Tags
 
Add a new tag
Caveats
  • Supply blocks, unpowered buildings, or Contaminate may cause inaccurate times.
  • Supply counts are checked every 10 seconds.